 Dungeon Crawl Stone Soup version 0.29.1-1-gd02db6906a (webtiles) character file.

Game seed: 1362180034048653741

10 Kold the Ruffian (level 2, 16/24 HPs)
             Began as a Demonspawn Cinder Acolyte on Oct 19, 2022.
             Was a High Priest of Ignis.
             Quit the game on level 1 of the Dungeon.
             The game lasted 00:00:22 (389 turns).

Kold the Ruffian (Demonspawn Cinder Acolyte)         Turns: 389, Time: 00:00:23

Health: 16/24      AC:  2    Str: 14    XL:     2   Next: 10%
Magic:  3/3        EV: 11    Int: 15    God:    Ignis [*****.]
Gold:   0          SH:  0    Dex:  8    Spells: 3/3 levels left

rFire   + . .      SeeInvis .     - Unarmed
rCold   . . .      Faith    .   (no shield)
rNeg    . . .      Spirit   .   a - +0 robe
rPois   .          Reflect  .   (no helmet)
rElec   .          Harm     .   (no cloak)
rCorr   .          Rampage  .   (no gloves)
Will    .....                   (no boots)
Stlth   +.........              (no amulet)
HPRegen 0.08/turn               (no ring)
MPRegen 0.08/turn               (no ring)

@: no status effects
A: powered by pain 1
a: Renounce Religion, Fiery Armour, Foxfire Swarm, Rising Flame


You were on level 1 of the Dungeon.
You worshipped Ignis.
Ignis was extremely pleased with you.
You visited 1 branch of the dungeon, and saw 1 of its levels.

Inventory:

Armour
 a - a +0 robe (worn)
Scrolls
 b - a scroll of poison {unknown}
 c - 2 scrolls of teleportation {unknown}
Potions
 d - a potion of haste {unknown}


   Skills:
 - Level 3.0 Fighting
 + Level 3.2 Unarmed Combat
 - Level 1.0 Spellcasting
 - Level 2.7 Fire Magic


You had 3 spell levels left.
You didn't know any spells.
Your spell library contained the following spells:

 Spells                   Type           Power      Damage    Failure   Level
 Scorch                   Fire           16%        2d5       12%         2


Dungeon Overview and Level Annotations

Branches:
Dungeon (1/15)

Altars:


Innate Abilities, Weirdness & Mutations

You sometimes gain a little power by taking damage.


Message History

A bat is nearby!
The bat hits you but does no damage.
You hit the bat.
You kill the bat!
No target in view!
No target in view!
No target in view!
d - a fizzy inky potion
Found a buckler.
No target in view!
A dart slug comes into view.
A dart slug is nearby!
The dart slug launches a dart at you. The slug dart hits you.
You hit the dart slug but do no damage. The dart slug barely misses you.
You hit the dart slug.
The dart slug is lightly wounded.
The dart slug bites you.
You barely miss the dart slug.
The dart slug is lightly wounded.
You hit the dart slug.
The dart slug is moderately wounded.
The dart slug bites you but does no damage.
You hit the dart slug.
The dart slug is moderately wounded.
You hit the dart slug.
The dart slug is heavily wounded.
The dart slug closely misses you.
You completely miss the dart slug.
The dart slug is heavily wounded.
The dart slug bites you.
You hit the dart slug but do no damage.
The dart slug is heavily wounded.
The dart slug barely misses you.
You hit the dart slug.
You kill the dart slug!
You have reached level 2!
Your demonic ancestry asserts itself...
You feel energised by your suffering.
Are you sure you want to abandon this character and quit the game? (Confirm with "yes".)

.#...###........ ##...#
.#.......... #...#
....!......## #...#
#..........# ##...##
#..........# #.._..##
#..........#
...^...###.....[....####
..###...##..............
.# ##...##.....@..# #
##...#.......##
#.....####### #######


There were no monsters in sight!

Vanquished Creatures
  A dart slug (D:1)
  An endoplasm (D:1)
  A hobgoblin (D:1)
  A kobold (D:1)
  A ball python (D:1)
  2 bats (D:1)
  A frilled lizard (D:1)
  A rat (D:1)
9 creatures vanquished.

Notes
Turn   | Place    | Note
-------+----------+-------------------------------------------
     0 | D:1      | Kold the Demonspawn Cinder Acolyte began the quest for the
                  | Orb.
     0 | D:1      | Reached XP level 1. HP: 18/18 MP: 2/2
   355 | D:1      | Found a faded altar of an unknown god.
   389 | D:1      | Gained mutation: You sometimes gain a little power by
                  | taking damage. [demonic ancestry]
   389 | D:1      | Reached XP level 2. HP: 16/24 MP: 3/3
   389 | D:1      | Quit the game

Illustrated notes

Levels and vault maps discovered:
D:1:      lemuel_arrival_cross, layout_rooms,
          hellmonk_ecumenical_altar_crossroads

Skill      XL: |  1 |
---------------+----+-----
Unarmed Combat | 3 |  3.2
Fighting       | |  3.0
Spellcasting   | |  1.0
Fire Magic     | |  2.7

Action                   || total
-------------------------++-------
Melee: Unarmed           ||    33
       Punch             ||     1
Armor: Robe              ||     8
Dodge: Dodged            ||    17
